 Dungeon Sprint DCSS version 0.30-a0-1163-gf69bf04e7a (webtiles) character file.

Game seed: 3748065099884389049

1663 fozzywoppz the Fighter (level 8, -1/112 HPs)
             Began as a Demonspawn Berserker on Apr 28, 2023.
             Was an Elder of Trog.
             Killed from afar by an oklob plant (39 damage)
             ... with a splash of acid
             ... in the Dungeon (Sprint IV: "Fedhas' Mad Dash").
             The game lasted 00:07:48 (1365 turns).

fozzywoppz the Fighter (Demonspawn Berserker)       Turns: 1365, Time: 00:07:49

Health: -1/112     AC: -5    Str: 18    XL:     8   Next: 69%
Magic:  8/8        EV: 20    Int:  9    God:    Trog [****..]
Gold:   181        SH:  0    Dex: 14    Spells: 7/7 levels left

rFire   . .          .
                       - Unarmed
rCold   . . .        (no shield)
rNeg    . . .        a - +0 animal skin
rPois   .            (helmet restricted)
rElec   .            (no cloak)
rCorr   .            (no gloves)
SInv    .            (no boots)
Will    ++...        h - amulet of invisibility {+Inv} Stlth
                     (no ring)
HPRegen 1.38/turn    (no ring)
MPRegen 0.11/turn

%: no teleportation
@: berserking (expiring), strong-willed (expiring), corroded, regenerating
(expiring), very quick
A: antennae 1, repulsion field 2
a: Renounce Religion, Evoke Invisibility, Berserk, Trog's Hand, Brothers in Arms


You were in the Dungeon.
You worshipped Trog.
Trog was greatly pleased with you.
You visited 1 branch You collected 181 gold pieces.

Inventory:

Missiles
 i - 2 poisoned darts (quivered)
Armour
 a - a +0 animal skin (worn)
Jewellery
 h - the amulet of invisibility (around neck) {+Inv}
   (You found it in the Dungeon)

   [amulet of nothing]

   +Inv:      It lets you turn invisible.
Scrolls
 g - a scroll of blinking
Potions
 b - 2 potions of curing
 c - a potion of heal wounds
 d - a potion of haste
 e - 2 potions of magic
 f - a potion of berserk rage


   Skills:
 + Level 11.5 Fighting
 - Level 5.0 Armour
 + Level 10.2 Dodging
 + Level 10.4 Unarmed Combat


You had 7 spell levels left.
You didn't know any spells.
Your spell library was empty.

Dungeon Overview and Level Annotations

Branches:
Dungeon (1/1)

Altars:
Cheibriados
Dithmenos
Gozag
Hepliaklqana
Kikubaaqudgha
Makhleb
Nemelex Xobeh
Okawaru
Qazlal
Ru
Sif Muna
Trog
Uskayaw
Vehumet
Wu Jian
Xom
Yredelemnul
Jiyva
Lugonu

Shops:
D **

Annotations:
D exclusions: 2 oklob plants and oklob sapling


Innate Abilities, Weirdness & Mutations

You have a pair of small antennae on your head.
You are surrounded by a moderate repulsion field. (EV +3)


Message History

Trog accepts your kill.
Your Dodging skill increases to level 10!
You now have 149 gold pieces (gained 13).
Your skin stops crawling.
You feel less strong-willed.
You now have 157 gold pieces (gained 8).
You now have 168 gold pieces (gained 11).
You now have 181 gold pieces (gained 13).
You open the door.
An oklob sapling, a burning bush and an oklob plant come into view.
Marking area around an oklob sapling and an oklob plant as unsafe for travelling.
Which direction?
As you close the door, it creaks loudly!
There is an open door here.
Your skin crawls.
You feel strong-willed.
Really walk into a travel-excluded area?
The oklob plant spits acid at you. The splash of acid hits you!!
The acid corrodes you! The oklob plant spits acid at you.
The splash of acid hits you!!
* * * LOW HITPOINT WARNING * * *
The acid corrodes you!
There is an open door here.
A red film seems to cover your vision as you go berserk!
You feel yourself moving faster!
You feel mighty!
You feel a strong urge to attack something.
You see here a scroll labelled LYPLET LEITYU.
You hit the oklob plant but do no damage.
You feel the effects of Trog's Hand fading.
You hit the oklob plant.
The oklob plant is lightly damaged.
You hit the oklob plant but do no damage.
The oklob plant is lightly damaged.
You hit the oklob plant.
The oklob plant is lightly damaged.
You punch the oklob plant!
The oklob plant is moderately damaged.
The oklob plant spits acid at you. The splash of acid hits you!!!
You die...

#<...#.....#.....#
#PP..'.....'.#.(.'
#PPPP#.....#.#...#
###############'##
#...♣........'...#
#......♣.....#...#
#.....♣..♣..######
##'####'######P
#@.#....+......
#P)#.)###P...P.
####### #####


You could see an oklob plant.

Vanquished Creatures
  A burning bush (D)
  A queen bee (D)
  A wandering mushroom (D)
  3 scorpions (D)
  4 killer bees (D)
  4 oklob saplings (D)
  2 spriggans (D)
  A river rat (D)
  A rat (D)
18 creatures vanquished.

Vanquished Creatures (collateral kills)
  A wandering mushroom (D)
  A burning bush (D)
2 creatures vanquished.

Vanquished Creatures (others)
  A fungus (D)
1 creature vanquished.

Grand Total: 21 creatures vanquished

Notes
Turn   | Place    | Note
-------+----------+-------------------------------------------
     0 | D        | fozzywoppz the Demonspawn Berserker began the quest for the
                  | Orb.
     0 | D        | Reached XP level 1. HP: 18/18 MP: 1/1
    19 | D        | Gained mutation: You are surrounded by a mild repulsion
                  | field. (EV +2) [demonic ancestry]
    19 | D        | Reached XP level 2. HP: 5/24 MP: 2/2
    97 | D        | Noticed an oklob sapling
   106 | D        | Killed an oklob sapling
   106 | D        | Reached ** piety under Trog
   107 | D        | Reached skill level 4 in Fighting
   107 | D        | Reached XP level 3. HP: 31/31 MP: 3/3
   110 | D        | Noticed a scorpion
   110 | D        | Found the amulet of invisibility {+Inv}
   155 | D        | Killed a scorpion
   156 | D        | Reached skill level 5 in Fighting
   156 | D        | Gained mutation: You have a pair of small antennae on your
                  | head. [demonic ancestry]
   156 | D        | Reached XP level 4. HP: 39/39 MP: 4/4
   179 | D        | Found an opulent altar of Gozag.
   179 | D        | Found a hazy altar of Hepliaklqana.
   179 | D        | Found a burning altar of Makhleb.
   179 | D        | Found a sparkling altar of Nemelex Xobeh.
   179 | D        | Found a snail-covered altar of Cheibriados.
   179 | D        | Found a sacrificial altar of Ru.
   179 | D        | Found a shimmering blue altar of Sif Muna.
   179 | D        | Found a shimmering altar of Xom.
   179 | D        | Found a basalt altar of Yredelemnul.
   180 | D        | Found a viscous altar of Jiyva.
   180 | D        | Found a bloodstained altar of Trog.
   180 | D        | Found an ornate altar of the Wu Jian Council.
   181 | D        | Found an iron altar of Okawaru.
   181 | D        | Found a shadowy altar of Dithmenos.
   182 | D        | Found a hide-covered altar of Uskayaw.
   182 | D        | Found an ancient bone altar of Kikubaaqudgha.
   183 | D        | Found a stormy altar of Qazlal.
   184 | D        | Found a radiant altar of Vehumet.
   184 | D        | Found a corrupted altar of Lugonu.
   322 | D        | Reached skill level 5 in Unarmed Combat
   322 | D        | Reached XP level 5. HP: 24/46 MP: 5/5
   460 | D        | Reached skill level 6 in Fighting
   460 | D        | Reached skill level 5 in Armour
   460 | D        | Reached skill level 5 in Dodging
   759 | D        | Reached skill level 7 in Fighting
   759 | D        | Reached *** piety under Trog
   766 | D        | Reached XP level 6. HP: 53/56 MP: 6/6
   857 | D        | Found Qauko's General Store.
   857 | D        | Found Zufraoga's General Store.
   894 | D        | Noticed a queen bee
   913 | D        | Killed a queen bee
   914 | D        | Reached skill level 8 in Fighting
   914 | D        | Reached XP level 7. HP: 63/63 MP: 7/7
   978 | D        | Reached skill level 9 in Fighting
   985 | D        | Reached **** piety under Trog
  1136 | D        | Noticed an oklob plant
  1200 | D        | Noticed a burning bush
  1232 | D        | Noticed a burning bush
  1232 | D        | Noticed a wandering mushroom
  1235 | D        | Noticed a wandering mushroom
  1239 | D        | Killed a wandering mushroom
  1240 | D        | Reached skill level 10 in Fighting
  1242 | D        | Killed a burning bush
  1243 | D        | Gained mutation: You are surrounded by a moderate repulsion
                  | field. (EV +3) [demonic ancestry]
  1243 | D        | Reached XP level 8. HP: 74/74 MP: 8/8
  1245 | D        | Killed a wandering mushroom
  1246 | D        | Reached skill level 11 in Fighting
  1246 | D        | Reached skill level 10 in Unarmed Combat
  1339 | D        | Killed a burning bush
  1340 | D        | Reached skill level 10 in Dodging
  1349 | D        | Noticed a burning bush
  1349 | D        | Noticed an oklob plant
  1365 | D        | Killed from afar by an oklob plant

Illustrated notes

Levels and vault maps discovered:
D:        dungeon_sprint_fedhas [sprint_temple]

Skill      XL: |  1  2  3  4  5  6  7  8 |
---------------+-------------------------+-----
Armour         | 2 3 4 5 |  5.0
Dodging        | 2 3 4 6 7 9 10 | 10.2
Unarmed Combat | 3 4 5 6 7 9 10 | 10.4
Fighting       | 4 5 7 8 10 11 | 11.5

Action                     |  1- 3 |  4- 6 |  7- 9 || total
---------------------------+-------+-------+-------++-------
  Melee: Unarmed           |    21 |    29 |    37 ||    87
         Punch             |     2 |     2 |     1 ||     5
 Invoke: Berserk           |     3 |     5 |     3 ||    11
         Trog's Hand       |       |     1 |     4 ||     5
         Brothers in Arms  |       |       |     1 ||     1
Ability: Evoke Invisibilit |       |     4 |       ||     4
   Stab: Invisible         |       |     1 |       ||     1
 Armour: Animal skin       |     1 |     1 |     2 ||     4
  Dodge: Dodged            |     3 |     6 |    43 ||    52

Table legend: (Time is in decaauts)
 A = Elapsed time spent in this place.
 B = Non-inter-level travel time spent in this place.
 C = Inter-level travel time spent in this place.
 D = Time resting spent in this place.
 E = Time spent auto-exploring this place.
 F = Levels seen in this place.
 G = Mean time per level.
                   A        B        C        D        E       F      G
               +--------+--------+--------+--------+--------+-----+--------+
         Total |   1443 |   1443 |      0 |    965 |      0 |   1 | 1443.0 |
       Dungeon |   1443 |   1443 |      0 |    965 |      0 |   1 | 1443.0 |
               +--------+--------+--------+--------+--------+-----+--------+

Top non-repeatable levels by time:
       D: 1443 daAuts
